 Dungeon Crawl Stone Soup version 0.28.0-1-gb440e238dd (webtiles) character file.

Game seed: 14783053485028392789

269 Morbidden the Conjurer (level 6, 43/43 HPs)
             Began as a Demonspawn Conjurer on Feb 21, 2022.
             Quit the game on level 4 of the Dungeon.
             The game lasted 00:03:30 (4371 turns).

Morbidden the Conjurer (Demonspawn Conjurer)        Turns: 4371, Time: 00:03:30

Health: 43/43      AC:  2    Str:  8    XL:     6   Next: 1%
Magic:  10/11      EV: 12    Int: 21    God:
Gold:   137        SH:  0    Dex: 11    Spells: 6/12 levels left

rFire   . . .      SeeInvis .   b - +2 whip (elec)
rCold   . . .      Faith    .   (no shield)
rNeg    . . .      Spirit   .   a - +0 robe
rPois   +          Reflect  .   (helmet restricted)
rElec   .          Harm     .   (no cloak)
rCorr   .          Rampage  .   (no gloves)
Will    .....                   (no boots)
Stlth   ++........              (no amulet)
HPRegen 0.14/turn               o - ring of poison resistance
MPRegen 0.12/turn               (no ring)

@: no status effects
A: antennae 1, claws 1, powered by pain 2
a: no special abilities


You were on level 4 of the Dungeon.
You visited 1 branch of the dungeon, and saw 4 of its levels.

You collected 137 gold pieces.

Inventory:

Hand Weapons
 b - a +2 whip of electrocution (weapon)
Missiles
 k - a throwing net (quivered)
 n - 5 javelins
Armour
 a - a +0 robe (worn)
Jewellery
 o - a ring of poison resistance (left claw)
Scrolls
 d - 3 scrolls of identify {unknown}
 f - a scroll of vulnerability {unknown}
 g - 2 scrolls of teleportation {unknown}
 l - a scroll of fear {unknown}
 m - a scroll of enchant armour {unknown}
 p - a scroll of fog {unknown}
Potions
 c - 3 potions of curing {unknown}
 e - a potion of brilliance {unknown}
 h - a potion of cancellation {unknown}
 i - a potion of heal wounds {unknown}
 j - a potion of flight {unknown}
 q - 2 potions of lignification {unknown}


   Skills:
 * Level 1.3 Fighting
 + Level 0.3 Maces & Flails
 + Level 0.1 Throwing
 + Level 2.0 Dodging
 + Level 2.3 Stealth
 * Level 0.4 Unarmed Combat
 * Level 3.6 Spellcasting
 * Level 5.6 Conjurations
 * Level 0.4 Earth Magic


You had 6 spell levels left.
You knew the following spells:

 Your Spells              Type           Power      Damage    Failure   Level
a - Magic Dart            Conj           100%       1d8       1%          1
b - Searing Ray           Conj           54%        2d6       1%          2
c - Stone Arrow           Conj/Erth      32%        3d9       11%         3

Your spell library contained the following spells:

 Spells                   Type           Power      Damage    Failure   Level
 Shock                    Conj/Air       60%        1d6       4%          1
 Sandblast                Erth           10%        2d5       11%         1
 Dazzling Flash           Conj/Hex       30%        N/A       12%         3
 Passwall                 Tmut/Erth      3%         N/A       17%         2
 Summon Guardian Golem    Hex/Summ       3%         N/A       36%         3
 Fulminant Prism          Conj/Hex       7%         3d7       36%         4
 Iskenderun's Mystic Bla  Conj/Tloc      15%        2d5       36%         4
 Orb of Destruction       Conj           13%        9d7       100%        7
 Spellforged Servitor     Conj/Summ      7%         N/A       100%        7


Dungeon Overview and Level Annotations

Branches:
Dungeon (4/15)
 Temple: D:4-7

Altars:


Innate Abilities, Weirdness & Mutations

You have a pair of small antennae on your head.
You have sharp fingernails.
You sometimes gain power by taking damage.


Message History

Aiming: Magic Dart (safe; 1% risk of failure)
Press: ? - help, Shift-Dir - straight line, f - hobgoblin
Aim: a hobgoblin (asleep, 100% to hit)
The magic dart hits the hobgoblin.
The hobgoblin is severely wounded.
The hobgoblin shouts!
Casting: Magic Dart (safe; 1% risk of failure)
Confirm with . or Enter, or press ? or * to list all spells.
Aiming: Magic Dart (safe; 1% risk of failure)
Press: ? - help, Shift-Dir - straight line, f/p - hobgoblin
Aim: a hobgoblin (severely wounded, 100% to hit)
The magic dart hits the hobgoblin but does no damage.
The hobgoblin is severely wounded.
Casting: Magic Dart (safe; 1% risk of failure)
Confirm with . or Enter, or press ? or * to list all spells.
Aiming: Magic Dart (safe; 1% risk of failure)
Press: ? - help, Shift-Dir - straight line, f/p - hobgoblin
Aim: a hobgoblin (severely wounded, 100% to hit)
The magic dart hits the hobgoblin.
You kill the hobgoblin!
Found 10 arrows.
There is an open door here.
Unknown command.
Casting: Magic Dart (safe; 1% risk of failure)
Confirm with . or Enter, or press ? or * to list all spells.
You can't see any susceptible monsters within range! (Use Z to cast anyway.)
There is an open door here.
You see here 25 sling bullets.
A dart slug comes into view.
Found an escape hatch in the floor.
A dart slug is nearby!
Casting: Magic Dart (safe; 1% risk of failure)
Confirm with . or Enter, or press ? or * to list all spells.
Aiming: Magic Dart (safe; 1% risk of failure)
Press: ? - help, Shift-Dir - straight line, f - dart slug
Aim: a dart slug (asleep, 100% to hit)
The magic dart hits the dart slug.
The dart slug is heavily wounded.
Unknown command.
Are you sure you want to abandon this character and quit the game? (Confirm with "yes".)

#.######. ###..
#.######. # ....
#######.##..... .. #...
...............
#.#...##########.#####.
......#.....(.##.#.....
#...#.#####..........
#.....# #.##.####..
##..@.# #.##.####..
#...$.# #..........
#..##.# #..#..###.. #..
#.# #.....# #.. #. #.#
##.#.[# ... #w #.#
#.#..#.## >
#.######+#..#.##. ##
................
..............


You could see a dart slug.

Vanquished Creatures
  A sky beast (D:4)
  Jessica (D:3)
  A hound skeleton (D:4)
  4 gnolls (D:3)
  2 adders
  An adder skeleton (D:4)
  2 worms
  2 dart slugs
  An orc (D:4)
  4 ball pythons
  6 bats
  9 endoplasms
  2 giant cockroaches (D:1)
  7 goblins
  9 hobgoblins
  2 jackals (D:2)
  4 quokkas
  8 kobolds
  4 rats
70 creatures vanquished.

Notes
Turn   | Place    | Note
-------+----------+-------------------------------------------
     0 | D:1      | Morbidden the Demonspawn Conjurer began the quest for the
                  | Orb.
     0 | D:1      | Reached XP level 1. HP: 13/13 MP: 3/3
   325 | D:1      | Found a faded altar of an unknown god.
   329 | D:1      | Got Plato's Incunabulum of Feathers
   380 | D:1      | Gained mutation: You sometimes gain a little power by
                  | taking damage. [demonic ancestry]
   380 | D:1      | Reached XP level 2. HP: 19/19 MP: 0/5
   557 | D:1      | Learned a level 2 spell: Searing Ray
  1169 | D:2      | Gained mutation: You sometimes gain power by taking damage.
                  | [demonic ancestry]
  1169 | D:2      | Reached XP level 3. HP: 25/25 MP: 2/6
  2327 | D:2      | Reached skill level 5 in Conjurations
  2609 | D:3      | Reached XP level 4. HP: 31/31 MP: 5/7
  3008 | D:3      | Reached skill level 1 in Fighting
  3316 | D:3      | Noticed Jessica
  3320 | D:3      | Killed Jessica
  3321 | D:3      | Discovered your monstrous ancestry.
  3321 | D:3      | Gained mutation: You have sharp fingernails. [demonic
                  | ancestry]
  3321 | D:3      | Reached XP level 5. HP: 37/37 MP: 5/9
  4095 | D:4      | Learned a level 3 spell: Stone Arrow
  4166 | D:4      | Noticed a sky beast
  4171 | D:4      | Killed a sky beast
  4172 | D:4      | Gained mutation: You have a pair of small antennae on your
                  | head. [demonic ancestry]
  4172 | D:4      | Reached XP level 6. HP: 43/43 MP: 4/11
  4371 | D:4      | Quit the game

Illustrated notes

Levels and vault maps discovered:
D:1:      dpeg_arrival_rhombi, layout_basic,
          shapermc_ecumenical_altar_rom_forum, nicolae_wormholes
D:2:      layout_basic
D:3:      layout_basic, uniq_jessica
D:4:      layout_basic, mainiacjoe_overflow_six_doors_small, serial_shops,
          nicolae_shop_waterfront, roderic_roman_lattice

Skill      XL: |  1  2  3  4  5 |
---------------+----------------+-----
Conjurations   | 5 |  5.6
Fighting       | 1 |  1.3
Spellcasting   | 3 |  3.6
Stealth        | 2 |  2.3
Dodging        | 2 |  2.0
Maces & Flails | |  0.3
Throwing       | |  0.1
Unarmed Combat | |  0.4
Earth Magic    | |  0.4

Action                   |  1- 3 |  4- 6 || total
-------------------------+-------+-------++-------
Melee: Whip              |    31 |    24 ||    55
       Punch             |     1 |       ||     1
Throw: Javelin           |       |     5 ||     5
 Cast: Magic Dart        |    91 |    38 ||   129
       Searing Ray       |       |     2 ||     2
 Stab: Sleeping          |       |     1 ||     1
Armor: Robe              |     6 |     3 ||     9
Dodge: Dodged            |    15 |    24 ||    39
